TOP OF THE 1ST |
Lake County Captains batting - Pitching for Delmarva Shorebirds : RHP Ryan Kotter
|
Pitching: RHP Ryan Kotter
|
|
Batting: RHB George Wagner
|
0-0: Called Strike 0-1: Bunted foul 0-2: Ball 1-2: SINGLE (Line Drive, 8LS, EV 106.9 MPH)
|
Batting: RHB Steve Gusman
|
0-0: Fly out, F7 (Flyball, 7D, EV 108.1 MPH)
|
Batting: LHB Jeff Palmowski
|
0-0: Ball George Wagner steals 2nd base 1-0: Ball 2-0: Ground out U3 (Groundball, 3, EV 86.9 MPH) George Wagner to third
|
Batting: RHB Josh Patterson
|
0-0: Ball 1-0: Ball 2-0: Ball 3-0: Foul Ball, location: 2F 3-1: Base on Balls
|
Batting: RHB Adam McMillen
|
0-0: Called Strike 0-1: Ball 1-1: Called Strike 1-2: Fly out, F4 (Popup, 4, EV 60.6 MPH)
|
Top of the 1st over - 0 runs, 1 hit, 0 errors, 2 left on base; Lake County 0 - Delmarva 0 |
BOTTOM OF THE 1ST |
Delmarva Shorebirds batting - Pitching for Lake County Captains : RHP Jose Esteban
|
Pitching: RHP Jose Esteban
|
|
Batting: RHB Josh Hopp
|
0-0: Called Strike 0-1: Ball 1-1: Bunt for hit to 15S - play at first, batter OUT! 1-3
|
Batting: RHB Ken Manser
|
0-0: Ball 1-0: Called Strike 1-1: Called Strike 1-2: Ball 2-2: Strikes out swinging
|
Batting: RHB Daniel Jackson
|
0-0: Ball 1-0: Called Strike 1-1: Called Strike 1-2: Ball 2-2: Ball 3-2: Ground out 6-3 (Groundball, 6, EV 80.6 MPH)
|
Bottom of the 1st over - 0 runs, 0 hits, 0 errors, 0 left on base; Lake County 0 - Delmarva 0 |
TOP OF THE 2ND |
Lake County Captains batting - Pitching for Delmarva Shorebirds : RHP Ryan Kotter
|
Batting: LHB Aaron Caron
|
0-0: Foul Ball, location: 2F 0-1: Ball 1-1: Called Strike 1-2: Ball 2-2: Ball 3-2: Ground out 4-3 (Groundball, 13, EV 84.4 MPH)
|
Batting: RHB Chris Diaz
|
0-0: Ball 1-0: Foul Ball, location: 2F 1-1: Ground out U3 (Groundball, 34S, EV 93.8 MPH)
|
Batting: SHB Travis Burnett
|
0-0: Called Strike 0-1: Ball 1-1: Swinging Strike 1-2: Fly out, F7 (Flyball, 7D, EV 102.5 MPH)
|
Top of the 2nd over - 0 runs, 0 hits, 0 errors, 0 left on base; Lake County 0 - Delmarva 0 |
BOTTOM OF THE 2ND |
Delmarva Shorebirds batting - Pitching for Lake County Captains : RHP Jose Esteban
|
Batting: RHB Luke Vaccarino
|
0-0: Ball 1-0: Foul Ball, location: 2F 1-1: Fly out, F7 (Flyball, 7S, EV 86.9 MPH)
|
Batting: RHB Wes Reynolds
|
0-0: Ground out 6-3 (Groundball, 6M, EV 103.8 MPH)
|
Batting: LHB Eric Jackson
|
0-0: Ball 1-0: Ball 2-0: Called Strike 2-1: Foul Ball, location: 2F 2-2: Strikes out looking
|
Bottom of the 2nd over - 0 runs, 0 hits, 0 errors, 0 left on base; Lake County 0 - Delmarva 0 |
TOP OF THE 3RD |
Lake County Captains batting - Pitching for Delmarva Shorebirds : RHP Ryan Kotter
|
Batting: LHB Rich Walker
|
0-0: Called Strike 0-1: Ball 1-1: Ball 2-1: Ground out 6-3 (Groundball, 6, EV 85.0 MPH)
|
Batting: RHB George Wagner
|
0-0: Called Strike 0-1: SINGLE (Line Drive, 89S, EV 103.8 MPH)
|
Batting: RHB Steve Gusman
|
0-0: Called Strike 0-1: Ball 1-1: Fielders Choice at 2nd, 1-4 (Groundball, 15, EV 70.6 MPH)
|
Batting: LHB Jeff Palmowski
|
0-0: Ball 1-0: Fielders Choice at 2nd, 4-6 (Groundball, 4MD, EV 105.6 MPH)
|
Top of the 3rd over - 0 runs, 1 hit, 0 errors, 1 left on base; Lake County 0 - Delmarva 0 |
BOTTOM OF THE 3RD |
Delmarva Shorebirds batting - Pitching for Lake County Captains : RHP Jose Esteban
|
Batting: RHB Francisco Viera
|
0-0: Ball 1-0: SINGLE (Groundball, 6D, EV 100.0 MPH)
|
Batting: RHB Ethan Finke
|
0-0: Ball 1-0: Called Strike 1-1: Swinging Strike 1-2: Foul Ball, location: 2F 1-2: Foul Ball, location: 2F 1-2: Ball 2-2: Strikes out swinging
|
Batting: RHB Mike Pitts
|
0-0: Foul Ball, location: 2F 0-1: Ball 1-1: Ball 2-1: Ball 3-1: Base on Balls Francisco Viera to second
|
Batting: RHB Josh Hopp
|
0-0: Foul Ball, location: 2F 0-1: Foul Ball, location: 2F 0-2: Strikes out swinging
|
Batting: RHB Ken Manser
|
0-0: Ball 1-0: Ball 2-0: Foul Ball, location: 2F 2-1: Called Strike 2-2: Fly out, F8 (Line Drive, 8RD, EV 97.5 MPH)
|
Bottom of the 3rd over - 0 runs, 1 hit, 0 errors, 2 left on base; Lake County 0 - Delmarva 0 |
TOP OF THE 4TH |
Lake County Captains batting - Pitching for Delmarva Shorebirds : RHP Ryan Kotter
|
Batting: RHB Josh Patterson
|
0-0: Foul Ball, location: 2F 0-1: Ball 1-1: Ball 2-1: Called Strike 2-2: Ball 3-2: SOLO HOME RUN (Flyball, 7D, EV 100.0 MPH), Distance : 373 ft
|
Batting: RHB Adam McMillen
|
0-0: Called Strike 0-1: Ball 1-1: Called Strike 1-2: Strikes out swinging
|
Batting: LHB Aaron Caron
|
0-0: Ground out 4-3 (Groundball, 4, EV 80.6 MPH)
|
Batting: RHB Chris Diaz
|
0-0: Swinging Strike 0-1: Ball 1-1: Swinging Strike 1-2: Strikes out swinging
|
Top of the 4th over - 1 run, 1 hit, 0 errors, 0 left on base; Lake County 1 - Delmarva 0 |
BOTTOM OF THE 4TH |
Delmarva Shorebirds batting - Pitching for Lake County Captains : RHP Jose Esteban
|
Batting: RHB Daniel Jackson
|
0-0: SOLO HOME RUN (Flyball, 7LD, EV 95.6 MPH), Distance : 329 ft
|
Batting: RHB Luke Vaccarino
|
0-0: Ball 1-0: Foul Ball, location: 2F 1-1: Reached on error, E1 (Groundball, 25, EV 63.8 MPH)
|
Batting: RHB Wes Reynolds
|
0-0: SINGLE (Groundball, 56, EV 104.4 MPH) (infield hit) Luke Vaccarino to second
|
Batting: LHB Eric Jackson
|
0-0: Called Strike 0-1: SINGLE (Line Drive, 56D, EV 100.0 MPH) Luke Vaccarino to third Wes Reynolds to second
|
Batting: RHB Francisco Viera
|
0-0: Called Strike 0-1: SINGLE (Groundball, 56D, EV 103.8 MPH) Luke Vaccarino scores Wes Reynolds to third Eric Jackson to second Runner from 3rd tries for Home, SAFE, throw by LF to home
|
Batting: RHB Ethan Finke
|
0-0: Called Strike 0-1: Called Strike 0-2: Ball 1-2: Ball 2-2: Foul Ball, location: 2F 2-2: Fly out, F9 (Flyball, 9D, EV 103.1 MPH) Runner from 2nd tags up, SAFE at 3rd, no throw by RF
|
Batting: RHB Mike Pitts
|
0-0: Foul Ball, location: 2F 0-1: Foul Ball, location: 2F 0-2: Strikes out swinging
|
Batting: RHB Josh Hopp
|
0-0: Ball 1-0: Called Strike 1-1: Foul Ball, location: 2F 1-2: Ball 2-2: Strikes out swinging
|
Bottom of the 4th over - 3 runs, 4 hits, 1 error, 2 left on base; Lake County 1 - Delmarva 3 |
TOP OF THE 5TH |
Lake County Captains batting - Pitching for Delmarva Shorebirds : RHP Ryan Kotter
|
Batting: SHB Travis Burnett
|
0-0: Fly out, F8 (Flyball, 78M, EV 93.8 MPH)
|
Batting: LHB Rich Walker
|
0-0: Foul Ball, location: 2F 0-1: Ball 1-1: Ball 2-1: Ball 3-1: SOLO HOME RUN (Flyball, 9D, EV 99.4 MPH), Distance : 367 ft
|
Batting: RHB George Wagner
|
0-0: Called Strike 0-1: Foul Ball, location: 2F 0-2: Ball 1-2: Strikes out swinging
|
Batting: RHB Steve Gusman
|
0-0: Ball 1-0: Ball 2-0: Called Strike 2-1: Swinging Strike 2-2: Foul Ball, location: 2F 2-2: Ball 3-2: Foul Ball, location: 2F 3-2: Fly out, F9 (Flyball, 89D, EV 81.2 MPH)
|
Top of the 5th over - 1 run, 1 hit, 0 errors, 0 left on base; Lake County 2 - Delmarva 3 |
BOTTOM OF THE 5TH |
Delmarva Shorebirds batting - Pitching for Lake County Captains : RHP Jose Esteban
|
Batting: RHB Ken Manser
|
0-0: Called Strike 0-1: Ground out 6-3 (Groundball, 6, EV 85.0 MPH)
|
Batting: RHB Daniel Jackson
|
0-0: Called Strike 0-1: SOLO HOME RUN (Flyball, 89XD, EV 100.0 MPH), Distance : 400 ft
|
Batting: RHB Luke Vaccarino
|
0-0: Ground out 4-3 (Groundball, 4S, EV 65.6 MPH)
|
Batting: RHB Wes Reynolds
|
0-0: Foul Ball, location: 2F 0-1: Ball 1-1: Fly out, F4 (Popup, 34, EV 69.4 MPH)
|
Bottom of the 5th over - 1 run, 1 hit, 0 errors, 0 left on base; Lake County 2 - Delmarva 4 |
TOP OF THE 6TH |
Lake County Captains batting - Pitching for Delmarva Shorebirds : RHP Ryan Kotter
|
Batting: LHB Jeff Palmowski
|
0-0: Ball 1-0: SINGLE (Flyball, 8LS, EV 96.2 MPH)
|
Batting: RHB Josh Patterson
|
0-0: Ball 1-0: SINGLE (Groundball, 56D, EV 97.5 MPH) Jeff Palmowski to second
|
Batting: RHB Adam McMillen
|
0-0: Ball 1-0: Called Strike 1-1: Ball 2-1: Swinging Strike 2-2: Ball 3-2: Foul Ball, location: 2F 3-2: Grounds into double play, 6-4-3 (Groundball, 6, EV 102.5 MPH) Jeff Palmowski to third
|
Batting: LHB Aaron Caron
|
0-0: Ball 1-0: Called Strike 1-1: Swinging Strike 1-2: Ground out 5-3 (Groundball, 56D, EV 104.4 MPH)
|
Top of the 6th over - 0 runs, 2 hits, 0 errors, 1 left on base; Lake County 2 - Delmarva 4 |
BOTTOM OF THE 6TH |
Delmarva Shorebirds batting - Pitching for Lake County Captains : RHP Jose Esteban
|
Batting: LHB Eric Jackson
|
0-0: Ball 1-0: Ball 2-0: Ball 3-0: Base on Balls
|
Batting: RHB Francisco Viera
|
0-0: Hit by Pitch Eric Jackson to second
|
Batting: RHB Ethan Finke
|
0-0: Called Strike 0-1: Ball 1-1: Called Strike 1-2: Strikes out swinging
|
Batting: RHB Mike Pitts
|
0-0: Ball 1-0: Called Strike 1-1: Ball 2-1: Swinging Strike 2-2: Ball 3-2: Foul Ball, location: 2F 3-2: Foul Ball, location: 2F 3-2: Foul Ball, location: 2F 3-2: Base on Balls Eric Jackson to third Francisco Viera to second
|
Batting: RHB Josh Hopp
|
0-0: Ball 1-0: GRAND SLAM HOME RUN (Flyball, 7LD, EV 93.8 MPH), Distance : 343 ft
|
Pitching: RHP Jon Samer
|
|
Batting: RHB Ken Manser
|
0-0: Called Strike 0-1: Swinging Strike 0-2: Strikes out swinging
|
Batting: RHB Daniel Jackson
|
0-0: Ball 1-0: Ball 2-0: Ball 3-0: Base on Balls
|
Batting: RHB Luke Vaccarino
|
0-0: Called Strike 0-1: Ground out 4-3 (Groundball, 4, EV 83.1 MPH)
|
Bottom of the 6th over - 4 runs, 1 hit, 0 errors, 1 left on base; Lake County 2 - Delmarva 8 |
TOP OF THE 7TH |
Lake County Captains batting - Pitching for Delmarva Shorebirds : RHP Ryan Kotter
|
Batting: RHB Chris Diaz
|
0-0: Fly out, F7 (Flyball, 7LSF, EV 92.5 MPH)
|
Pitching: LHP Armando Florez
|
|
Batting: SHB Travis Burnett
|
0-0: SINGLE (Groundball, 4M, EV 110.0 MPH) (infield hit)
|
Batting: LHB Rich Walker
|
0-0: Ball 1-0: Called Strike 1-1: Swinging Strike 1-2: Ball 2-2: Strikes out swinging
|
Batting: RHB George Wagner
|
0-0: Ball 1-0: Ball 2-0: Ground out 4-3 (Groundball, 34S, EV 80.6 MPH)
|
Top of the 7th over - 0 runs, 1 hit, 0 errors, 1 left on base; Lake County 2 - Delmarva 8 |
BOTTOM OF THE 7TH |
Delmarva Shorebirds batting - Pitching for Lake County Captains : RHP Jon Samer
|
Batting: RHB Wes Reynolds
|
0-0: Foul Ball, location: 2F 0-1: Ball 1-1: Foul Ball, location: 2F 1-2: DOUBLE (Line Drive, 8RD, EV 114.4 MPH)
|
Batting: LHB Eric Jackson
|
0-0: Ball 1-0: Called Strike 1-1: Foul Ball, location: 2F 1-2: Fly out, F8 (Flyball, 8LD, EV 93.1 MPH) Runner from 2nd tags up, SAFE at 3rd with throw by CF
|
Batting: RHB Francisco Viera
|
0-0: Swinging Strike 0-1: Foul Ball, location: 2F 0-2: Strikes out looking
|
Batting: RHB Ethan Finke
|
0-0: 2-RUN HOME RUN (Flyball, 7D, EV 102.5 MPH), Distance : 382 ft
|
Batting: RHB Mike Pitts
|
0-0: Ball 1-0: Called Strike 1-1: Ground out 4-3 (Groundball, 4M, EV 89.4 MPH)
|
Bottom of the 7th over - 2 runs, 2 hits, 0 errors, 0 left on base; Lake County 2 - Delmarva 10 |
TOP OF THE 8TH |
Lake County Captains batting - Pitching for Delmarva Shorebirds : LHP Armando Florez
|
Pinch Hitting: RHB Reynaldo Herrera
|
0-0: Called Strike 0-1: Foul Ball, location: 2F 0-2: Ball 1-2: Strikes out looking
|
Batting: RHB Harris Leroux
|
0-0: Ball 1-0: Ground out 5-3 (Groundball, 56, EV 103.8 MPH)
|
Pinch Hitting: LHB Devon Grant
|
0-0: Ball 1-0: Swinging Strike 1-1: Ground out 5-3 (Groundball, 56, EV 86.2 MPH)
|
Top of the 8th over - 0 runs, 0 hits, 0 errors, 0 left on base; Lake County 2 - Delmarva 10 |
BOTTOM OF THE 8TH |
Delmarva Shorebirds batting - Pitching for Lake County Captains : RHP Jon Samer
|
Now at 1B: Jeremy Givens
|
|
Now at 2B: Reynaldo Herrera
|
|
Batting: RHB Josh Hopp
|
0-0: Called Strike 0-1: Foul Ball, location: 2F 0-2: Ball 1-2: Ball 2-2: Foul Ball, location: 2F 2-2: Foul Ball, location: 2F 2-2: SINGLE (Groundball, 34D, EV 101.9 MPH)
|
Batting: RHB Ken Manser
|
0-0: Foul Ball, location: 2F 0-1: Foul Ball, location: 2F 0-2: Foul Ball, location: 2F 0-2: Ball 1-2: Foul Ball, location: 2F 1-2: Ball 2-2: Grounds into double play, 6-4-3 (Groundball, 56D, EV 103.8 MPH)
|
Batting: RHB Daniel Jackson
|
0-0: Ball 1-0: Ball 2-0: Called Strike 2-1: Fly out, F9 (Flyball, 9D, EV 106.9 MPH)
|
Bottom of the 8th over - 0 runs, 1 hit, 0 errors, 0 left on base; Lake County 2 - Delmarva 10 |
TOP OF THE 9TH |
Lake County Captains batting - Pitching for Delmarva Shorebirds : LHP Armando Florez
|
Batting: RHB Adam McMillen
|
0-0: Ball 1-0: Ground out 4-3 (Groundball, 4, EV 86.9 MPH)
|
Pinch Hitting: RHB Bill Ortiz
|
0-0: Ball 1-0: Ball 2-0: Swinging Strike 2-1: Ball 3-1: Foul Ball, location: 2F 3-2: Foul Ball, location: 2F 3-2: Ground out 5-3 (Groundball, 56S, EV 81.2 MPH)
|
Batting: RHB Chris Diaz
|
0-0: Foul Ball, location: 2F 0-1: Called Strike 0-2: Foul Ball, location: 2F 0-2: Strikes out swinging
|
Top of the 9th over - 0 runs, 0 hits, 0 errors, 0 left on base; Lake County 2 - Delmarva 10 |
|